 Dungeon Crawl Stone Soup version 0.17.0-28-g6e173f8 (webtiles) character file.

1935 karlm the Conjurer (level 8, -5/46 HPs)
             Began as a Deep Elf Wizard on Nov 30, 2015.
             Slain by a blink frog (6 damage)
             ... on level 1 of the Abyss.
             The game lasted 00:53:02 (10184 turns).

karlm the Conjurer (Deep Elf Wizard)               Turns: 10184, Time: 00:53:03

Health: -5/46      AC:  5    Str:  2    XL:     8   Next: 97%
Magic:  4/16       EV: 15    Int: 26    God:
Gold:   424        SH:  0    Dex: 15    Spells: 6 memorised, 2 levels left

rFire  . . .     SeeInvis .     u - +5 halberd "Iqigilao" {chop, rC+ Dex+4}
rCold  + . .     Clarity  .     a - +0 robe
rNeg   . . .     SustAt   .     (shield currently unavailable)
rPois  +         Gourm    .     b - +1 hat
rElec  .         Spirit   .     I - +0 cloak
rCorr  .         Warding  .     l - +0 pair of gloves
rMut   .         Stasis   .     (no boots)
MR     .....                    (no amulet)
Stlth  +++.......               (no ring)
                                m - ring of poison resistance

@: repel missiles, not resistant to hostile enchantments, fairly stealthy
A: clumsy 1, weak 1
a: no special abilities


You were on level 1 of the Abyss.
You were not hungry.

You visited 2 branches of the dungeon, and saw 9 of its levels.
You visited the Abyss 1 time.
You also visited: Bailey.

You collected 424 gold pieces.

Inventory:

Hand Weapons
 i - the +6 war axe "Neafaim" {distort, MR+ Dex+4}
   (You found it on level 8 of the Dungeon)

   It warps and distorts space around it.
   Unwielding it can cause banishment or high damage.
   It affects your dexterity (+4).
   It affects your resistance to hostile enchantments.
 t - the +6 halberd "Meumin" {chop, Dex+2}
   (You found it on level 7 of the Dungeon)

   It inflicts extra damage upon your enemies.
   It affects your dexterity (+2).
 u - the +5 halberd "Iqigilao" (weapon) {chop, rC+ Dex+4}
   (You found it on level 7 of the Dungeon)

   It inflicts extra damage upon your enemies.
   It affects your dexterity (+4).
   It protects you from cold.
 E - a +0 long sword of holy wrath
 J - a +0 mace of protection
Missiles
 f - 15 sling bullets
 h - 184 stones
 p - 7 exploding sling bullets
 y - 9 tomahawks (quivered)
 C - 24 poisoned needles
 D - 22 sling bullets of frost
 F - 2 throwing nets
Armour
 a - a +0 robe (worn)
 b - a +1 hat (worn)
 l - a +0 pair of gloves (worn)
 s - a +3 leather armour
 I - a +0 cloak (worn)
Jewellery
 m - a ring of poison resistance (left hand)
 v - an uncursed amulet of stasis
Wands
 x - a wand of fireball (7)
 H - a wand of slowing (3)
Scrolls
 e - 2 scrolls of enchant armour
 n - a scroll of immolation
 o - a scroll of blinking
 q - 2 scrolls of remove curse
 r - 2 scrolls of magic mapping
 B - 2 scrolls of enchant weapon
Potions
 g - 3 potions of heal wounds
 j - a potion of agility
 k - 2 potions of curing
Books
 c - a book of Minor Magic

   Spells                             Type                      Level
   a - Magic Dart                     Conjuration                  1
   b - Blink                          Translocation                2
   c - Call Imp                       Summoning                    2
   d - Repel Missiles                 Charms/Air                   2
   e - Slow                           Hexes                        2
   f - Conjure Flame                  Conjuration/Fire             3
   g - Mephitic Cloud                 Conjuration/Poison/Air       3
Comestibles
 d - 7 bread rations
 z - a meat ration


   Skills:
 - Level 3.5 Fighting
 - Level 5.4 Dodging
 - Level 5.2 Stealth
 - Level 4.4 Spellcasting
 + Level 6.8 Conjurations
 - Level 3.2 Summonings
 - Level 1.1 Translocations
 + Level 6.5 Fire Magic


You had 2 spell levels left.
You knew the following spells:

 Your Spells              Type           Power        Failure   Level  Hunger
a - Magic Dart            Conj           ####         1%          1    None
b - Call Imp              Summ           ###.....     3%          2    None
c - Conjure Flame         Conj/Fire      #####...     1%          3    ##.....
d - Mephitic Cloud        Conj/Pois/Air  ###.....     12%         3    ##.....
e - Repel Missiles        Chrm/Air       #.....       14%         2    None
f - Blink                 Tloc           N/A          10%         2    None


Dungeon Overview and Level Annotations

Branches:
Dungeon (8/15)             Temple (1/1) D:6
   Lair: D:8-11

Altars:
Ashenzari
Cheibriados
Dithmenos
Elyvilon
Fedhas
Gozag
Kikubaaqudgha
Makhleb
Nemelex Xobeh
Okawaru
Qazlal
Ru
Sif Muna
Trog
Xom
Yredelemnul
Zin
The Shining One

Shops:
D:6 (


Innate Abilities, Weirdness & Mutations

You are clumsy. (Dex -2)
You are weak. (Str -2)


Message History

Press: ? - help, Dir - move target cursor, f/p - neqoxec
Aim: a neqoxec (almost dead)
You reach to attack!
You closely miss the neqoxec.
The neqoxec is almost dead.
The neqoxec gestures.
The neqoxec hits you!
The blink frog gives a loud, deep croak!
You puncture the neqoxec!
You kill the neqoxec!
The shadow imp disappears in a puff of smoke!
The blink frog hits you! The blink frog misses you.
The blink frog blinks!
The blink frog blinks!
The blink frog hits you!
* * * LOW HITPOINT WARNING * * *
The blink frog hits you!
* * * LOW HITPOINT WARNING * * *
The blink frog hits you.
You die...

. ## ##. ... ..3 .
.### ... . .... #.
. #....#. #
#.##....###....# .
# ....##.#..##.# .
# .
....#...ยง..##..# .
. #...@#.##...#####
#...#.#F#.........#
#..#.#..#..#.##
#### . .
#.....##.##.#..# .
# # #.#...
##.##X####### #
#..# .###... ..#.#
##. .########.#.#
.. ..# # ... . .# #
..# # ##


You could see a blink frog.

Vanquished Creatures
  A hippogriff (D:8)
  A neqoxec (Abyss:1)
  2 small abominations (Abyss:1)
  An ice beast (D:6)
  A centaur (D:6)
  3 ogres
  A water moccasin zombie (D:7)
  2 scorpions
  4 crimson imps
  A quasit (D:5)
  Crazy Yiuf (D:4)
  6 orc wizards
  2 worker ants (D:8)
  A killer bee zombie (D:4)
  5 adders
  9 gnolls
  A shadow imp (D:6)
  An adder skeleton (D:6)
  A worm (D:3)
  5 giant geckos
  9 orcs
  5 ball pythons
  3 giant cockroaches
  10 hobgoblins
  3 jackals (D:1)
  8 bats
  A giant gecko skeleton (D:6)
  8 giant newts
  11 goblins
  6 kobolds
  10 rats
123 creatures vanquished.

Vanquished Creatures (collateral kills)
  A sky beast (D:7)
  An ice beast (D:5)
  A centaur (D:8)
  A crimson imp (D:5)
  A quasit (D:5)
  3 orc priests (D:5)
  2 orc wizards (D:5)
  A hound (D:4)
  A hound zombie (D:6)
  A worker ant zombie (D:5)
  5 adders
  A gnoll (D:1)
  2 giant geckos
  6 orcs
  2 quokkas
  A quokka skeleton (D:5)
30 creatures vanquished.

Grand Total: 153 creatures vanquished

Notes
Turn   | Place    | Note
--------------------------------------------------------------
     0 | D:1      | karlm the Deep Elf Wizard began the quest for the Orb.
     0 | D:1      | Reached XP level 1. HP: 10/10 MP: 7/7
   649 | D:1      | Reached XP level 2. HP: 13/15 MP: 5/9
   653 | D:1      | Learned a level 2 spell: Call Imp
  1030 | D:1      | Reached XP level 3. HP: 17/19 MP: 1/10
  1035 | D:1      | Learned a level 3 spell: Conjure Flame
  1039 | D:1      | Learned a level 3 spell: Mephitic Cloud
  1786 | D:2      | Reached skill level 1 in Fire Magic
  2035 | D:2      | Reached skill level 1 in Fighting
  2106 | D:2      | Found a sacrificial altar of Ru.
  2703 | D:3      | Reached XP level 4. HP: 18/25 MP: 7/12
  2859 | D:3      | Learned a level 2 spell: Repel Missiles
  3731 | D:3      | Found a deep blue altar of Sif Muna.
  3733 | D:3      | Found an ancient bone altar of Kikubaaqudgha.
  3982 | D:3      | Found a shadowy altar of Dithmenos.
  4386 | D:3      | Reached XP level 5. HP: 29/29 MP: 1/13
  5358 | D:4      | Reached XP level 6. HP: 34/34 MP: 8/14
  5362 | D:4      | Learned a level 2 spell: Blink
  5618 | D:4      | Noticed Crazy Yiuf
  5651 | D:4      | Killed Crazy Yiuf
  5786 | D:5      | Entered Level 5 of the Dungeon
  6017 | D:5      | Reached XP level 7. HP: 40/40 MP: 1/15
  7197 | D:6      | Found Xag Doug's Weapon Emporium.
  7244 | D:6      | Reached skill level 5 in Conjurations
  7622 | D:6      | Found a bloodstained altar of Trog.
  8001 | D:6      | Found a staircase to the Ecumenical Temple.
  8251 | D:6      | Reached skill level 5 in Fire Magic
  8378 | D:6      | Reached XP level 8. HP: 19/45 MP: 4/16
  8573 | Temple   | Entered the Ecumenical Temple
  8759 | D:6      | Found an iron altar of Okawaru.
  9020 | D:7      | Found a flagged portal.
  9035 | D:7      | Got an iridescent halberd
  9037 | D:7      | Got a dazzling halberd
  9039 | D:7      | Identified the +5 halberd "Iqigilao" {chop, rC+ Dex+4} (You found it on level 7 of the Dungeon)
  9040 | D:7      | Identified the +6 halberd "Meumin" {chop, Dex+2} (You found it on level 7 of the Dungeon)
  9050 | Bailey   | Entered a bailey
  9050 | Bailey   | Noticed Sagrath01's ghost (novice DsGl)
  9646 | D:8      | Reached skill level 5 in Dodging
  9646 | D:8      | Reached skill level 6 in Conjurations
  9953 | D:8      | Got a dazzling war axe
  9954 | D:8      | Identified the +6 war axe "Neafaim" {distort, MR+ Dex+4} (You found it on level 8 of the Dungeon)
  9955 | D:8      | Cast into the Abyss (a distortion unwield)
  9983 | Abyss:1  | Reached skill level 5 in Stealth
 10014 | Abyss:1  | Noticed a hellion
 10054 | Abyss:1  | Noticed a large abomination
 10116 | Abyss:1  | Noticed a blink frog
 10122 | Abyss:1  | Noticed a wretched star
 10140 | Abyss:1  | Gained mutation: You are weak. (Str -2) [a neqoxec]
 10161 | Abyss:1  | Gained mutation: You are clumsy. (Dex -2) [a neqoxec]
 10182 | Abyss:1  | HP: 1/46 [blink frog (12)]
 10184 | Abyss:1  | Slain by a blink frog

Action                   |  1- 3 |  4- 6 |  7- 9 || total
-------------------------+-------+-------+-------++-------
Melee: Dagger            |    10 |     1 |       ||    11
       Mace              |       |    21 |     6 ||    27
       Halberd           |       |       |    39 ||    39
 Cast: Magic Dart        |    81 |    96 |   112 ||   289
       Call Imp          |    14 |    20 |    46 ||    80
       Conjure Flame     |     1 |    30 |    24 ||    55
       Mephitic Cloud    |       |     7 |     4 ||    11
       Repel Missiles    |       |     1 |     2 ||     3
  Use: Scroll            |     7 |     4 |     3 ||    14
       Potion            |       |       |     8 ||     8
  Eat: Chunk             |     5 |     8 |     8 ||    21
       Meat ration       |       |     1 |     1 ||     2
